 Dungeon Crawl Stone Soup version 0.28.0-53-g5a82cb258f (webtiles) character file.

Game seed: 6685684402899856435

57 acdeimund the Magician (level 3, 11/19 HPs)
             Began as a Deep Elf Fire Elementalist on May 20, 2022.
             Quit the game on level 2 of the Dungeon.
             The game lasted 00:08:37 (1428 turns).

acdeimund the Magician (Deep Elf Fire Elementalist) Turns: 1428, Time: 00:08:37

Health: 11/19      AC:  2    Str:  2 (5)  XL:     3   Next: 73%
Magic:  6/10       EV: 12    Int: 19 (21) God:
Gold:   5          SH:  0    Dex: 14 (15) Spells: 4/10 levels left

rFire   . . .      SeeInvis .   h - +0 dagger
rCold   . . .      Faith    .   (no shield)
rNeg    . . .      Spirit   .   a - +0 robe
rPois   .          Reflect  .   (no helmet)
rElec   .          Harm     .   (no cloak)
rCorr   .          Rampage  .   (no gloves)
Will    .....                   (no boots)
Stlth   +.........              (no amulet)
HPRegen 0.06/turn               (no ring)
MPRegen 0.12/turn               (no ring)

@: confused, ambrosia-drunk, on berserk cooldown, slowed, very slow
A: no striking features
a: no special abilities


You were on level 2 of the Dungeon.
You visited 1 branch of the dungeon, and saw 2 of its levels.

You collected 5 gold pieces.

Inventory:

Hand Weapons
 h - a +0 dagger (weapon)
Armour
 a - a +0 robe (worn)
Scrolls
 b - a scroll of enchant armour {unknown}
 c - a scroll of teleportation {unknown}
 e - a scroll of noise {unknown}
 f - a scroll of identify {unknown}


   Skills:
 - Level 2.4 Dodging
 - Level 2.4 Stealth
 + Level 4.0 Spellcasting
 + Level 2.4 Conjurations
 + Level 4.0 Fire Magic


You had 4 spell levels left.
You knew the following spells:

 Your Spells              Type           Power      Damage    Failure   Level
a - Foxfire               Conj/Fire      64%        2x1d7     3%          1
b - Scorch                Fire           38%        2d7       3%          2
c - Conjure Flame         Conj/Fire      16%        6-21      11%         3

Your spell library contained the following spells:

 Spells                   Type           Power      Damage    Failure   Level
 Inner Flame              Hex/Fire       11%        N/A       19%         3
 Flame Wave               Conj/Fire      16%        2d6       34%         4


Dungeon Overview and Level Annotations

Branches:
Dungeon (2/15)

Altars:

Annotations:
D:2 Sigmund


Message History

Sigmund points at you and mumbles some strange words.
You resist with some effort.
Casting: Scorch (safe; 3% risk of failure)
Confirm with . or Enter, or press ? or * to list all spells.
Flames lash Sigmund.
Sigmund is burned terribly!
Sigmund is heavily wounded.
It was a potion of degeneration.
There was something very wrong with that liquid.
You feel weakened.
You feel dopey.
You feel clumsy. Sigmund says, "I'm your fate."
Sigmund gestures wildly while chanting.
Sigmund flickers and vanishes!
Deactivating autopickup; reactivate with Ctrl-A.
It was a potion of berserk rage.
A red film seems to cover your vision as you go berserk!
You feel yourself moving faster!
You feel mighty!
A puff of flame appears from out of thin air!
The puff of flame hits you!
You are too berserk!
Okay, then.
You are too berserk!
You drop a fuming silvery potion.
You feel a strong urge to attack something.
You feel your anger nearly subside.
A puff of flame appears from out of thin air!
The puff of flame hits you!
* * * LOW HITPOINT WARNING * * *
You see here a fuming silvery potion.
i - a fuming silvery potion You are no longer berserk.
You are exhausted.
You feel yourself slow down.
It was a potion of ambrosia.
You are confused.
You feel invigorated.
You hear some strange, mumbled words.
You are more confused.
You are too confused!
Unknown command.
Are you sure you want to abandon this character and quit the game? (Confirm with "yes".)

.. ... #.#.#...... #..# #.#
..##.# #.#.#..#..# #..# #.#
.....###.#.#..#..####.†# #.#
...#..........#........# #.#
#.....#.#.#.#<........###.##
#..#............###........#
#.############### #...#.#.##
#.#....### ######...#.#.#
#.'......## #.@.†{...#.#.#
#.#.......## ##########.#.#
#.####.....###..........#.#
#.## ###....#############.##
#..# ###...## #......# #..#
gw##....# #.###### .#.##.$J
##...# #.##### ....#$l #...#
#.....# ....##### #...#
#####.#


There were no monsters in sight!

Vanquished Creatures
  Natasha (D:2)
  An adder (D:2)
  2 endoplasms
  A giant cockroach (D:1)
  A goblin (D:1)
  8 hobgoblins
  A quokka (D:1)
  2 ball pythons (D:1)
  A bat (D:1)
  2 frilled lizards
  3 rats
23 creatures vanquished.

Vanquished Creatures (collateral kills)
  3 foxfires (D:1)
3 creatures vanquished.

Vanquished Creatures (others)
  60 foxfires
60 creatures vanquished.

Grand Total: 86 creatures vanquished

Notes
Turn   | Place    | Note
-------+----------+-------------------------------------------
     0 | D:1      | acdeimund the Deep Elf Fire Elementalist began the quest
                  | for the Orb.
     0 | D:1      | Reached XP level 1. HP: 10/10 MP: 6/6
   323 | D:1      | Reached XP level 2. HP: 7/15 MP: 1/8
   486 | D:1      | Learned a level 2 spell: Scorch
  1142 | D:2      | Noticed Natasha
  1146 | D:2      | Noticed a crimson imp
  1147 | D:2      | Killed Natasha
  1148 | D:2      | Reached XP level 3. HP: 19/19 MP: 2/10
  1150 | D:2      | Noticed Sigmund
  1152 | D:2      | Learned a level 3 spell: Conjure Flame
  1428 | D:2      | Quit the game

Illustrated notes

Levels and vault maps discovered:
D:1:      dpeg_arrival_boxorama, layout_basic, minivault_11,
          minmay_misc_feat_cross, minmay_hedge_maze
D:2:      layout_basic, lightli_corner_chamber, uniq_robin, uniq_sigmund,
          uniq_natasha, uniq_jessica

Skill      XL: |  1  2  3 |
---------------+----------+-----
Conjurations   | 2 |  2.4
Spellcasting   | 4 |  4.0
Fire Magic     | 4 |  4.0
Dodging        | |  2.4
Stealth        | |  2.4

Action                   || total
-------------------------++-------
 Cast: Foxfire           ||    39
       Scorch            ||     8
       Conjure Flame     ||     1
  Use: Potion            ||     3
Armor: Robe              ||     1
Dodge: Dodged            ||     7
